 Dungeon Crawl Stone Soup version 0.27.1-36-g1b1ada6b1e (webtiles) character file.

Game seed: 4600995490251405071

23 tkbsonic5 the Firebug (level 2, -1/20 HPs)
             Began as a Barachi Fire Elementalist on Feb 9, 2023.
             Frozen to death by an endoplasm (4 damage)
             ... on level 1 of the Dungeon.
             The game lasted 00:06:17 (1116 turns).

tkbsonic5 the Firebug (Barachi Fire Elementalist)   Turns: 1116, Time: 00:06:18

Health: -1/20      AC:  2    Str:  9    XL:     2   Next: 95%
Magic:  1/5        EV: 12    Int: 15    God:
Gold:   32         SH:  0    Dex: 12    Spells: 4/5 levels left

rFire    . . .     SeeInvis .   g - +0 dagger
rCold    . . .     Faith    .   (no shield)
rNeg     . . .     Spirit   .   a - +0 robe
rPois    .         Reflect  .   (no helmet)
rElec    .         Harm     .   (no cloak)
rCorr    .         Rampage  .   (no gloves)
Will     .....                  (no boots)
Stlth    ++........             (no amulet)
HPRegen  0.06/turn              (no ring)
MPRegen  0.09/turn              (no ring)

@: unable to hop, slow
A: amphibious, slowness 1, strong legs 1, +LOS
a: Hop


You were on level 1 of the Dungeon.
You visited 1 branch of the dungeon, and saw 1 of its levels.

You collected 32 gold pieces.

Inventory:

Hand Weapons
 e - a +0 short sword
 f - a +4 hunting sling
 g - a +0 dagger (weapon)
 h - a +0 mace of protection
Missiles
 c - 18 poisoned darts (quivered)
Armour
 a - a +0 robe (worn)
 i - a +0 leather armour
Scrolls
 d - a scroll of teleportation


   Skills:
 + Level 0.8 Fighting
 + Level 0.9 Armour
 - Level 2.1 Dodging
 - Level 1.7 Stealth
 + Level 2.4 Spellcasting
 * Level 1.8 Conjurations
 * Level 3.6 Fire Magic


You had 4 spell levels left.
You knew the following spells:

 Your Spells              Type           Power      Damage    Failure   Level
a - Foxfire               Conj/Fire      40%        2x1d6     7%          1

Your spell library contained the following spells:

 Spells                   Type           Power      Damage    Failure   Level
 Conjure Flame            Conj/Fire      10%        6-21      21%         3
 Inner Flame              Hex/Fire       7%         N/A       30%         3
 Sticky Flame             Conj/Fire      10%        2d3       56%         4
 Fireball                 Conj/Fire      5%         3d5       88%         5


Dungeon Overview and Level Annotations

Branches:
Dungeon (1/15)

Altars:


Innate Abilities, Weirdness & Mutations

You are amphibious.
You cover ground slowly.
You can hop short distances.
You have an extended range of vision and can be seen from far away.


Message History

Your foxfire dissipates!
The endoplasm freezes you.
You are frozen.
Casting: Foxfire (safe; 7% risk of failure)
Confirm with . or Enter, or press ? or * to list all spells.
Okay, then.
Hop to where?
Press: ? - help, Dir - move target Boing!
Unknown command.
You aren't carrying any potions.
Okay, then.
Casting: Foxfire (safe; 7% risk of failure)
Confirm with . or Enter, or press ? or * to list all spells.
You conjure some foxfire!
Casting: Foxfire (safe; 7% risk of failure)
Confirm with . or Enter, or press ? or * to list all spells.
You conjure some foxfire!
The foxfire hits the endoplasm.
The endoplasm is moderately wounded.
Your foxfire dissipates!
The foxfire hits the endoplasm.
The endoplasm is severely wounded.
You hit the endoplasm.
The endoplasm is almost dead.
The endoplasm freezes you.
You are frozen.
The endoplasm barely misses you. The hobgoblin hits you.
* * * LOW HITPOINT WARNING * * *
As you read the scroll labelled MAPTEG YNUDY, it crumbles to dust.
It is a scroll of identify.
d - a scroll of teleportation The endoplasm hits you.
* * * LOW HITPOINT WARNING * * *
The hobgoblin completely misses you.
Casting: Foxfire (safe; 7% risk of failure)
Confirm with . or Enter, or press ? or * to list all spells.
Okay, then.
The endoplasm freezes you.
You are frozen.
You die...

#.#### #.#### #.....
#.[..# #.##.###.....
###..####.#...##.....
#......#.##..##.....
#......#.##..##.....
#......#.##..†......
#........##.####.###
######.........#...##.###
#.......@...###>.........
#######.#J..#....#.##....
#.#g......##.######
#.#...#............
#.#...#............
#.#.......##.#.###.
#.#..##...##.#....#
#.#............##.#
#..............##.#


You could see an endoplasm and a hobgoblin.

Vanquished Creatures
  A dart slug (D:1)
  A ball python (D:1)
  2 bats (D:1)
  An endoplasm (D:1)
  A giant cockroach (D:1)
  2 goblins (D:1)
  3 hobgoblins (D:1)
  3 quokkas (D:1)
  A kobold (D:1)
  3 rats (D:1)
18 creatures vanquished.

Vanquished Creatures (others)
  36 foxfires (D:1)
36 creatures vanquished.

Grand Total: 54 creatures vanquished

Notes
Turn   | Place    | Note
-------+----------+-------------------------------------------
     0 | D:1      | tkbsonic5 the Barachi Fire Elementalist began the quest for
                  | the Orb.
     0 | D:1      | Reached XP level 1. HP: 13/13 MP: 3/3
   296 | D:1      | Reached XP level 2. HP: 19/19 MP: 3/5
  1116 | D:1      | Frozen to death by an endoplasm

Illustrated notes

Levels and vault maps discovered:
D:1:      minmay_arrival_glassed_features, layout_basic

Action                   || total
-------------------------++-------
Melee: Dagger            ||     3
Throw: Dart              ||    20
 Cast: Foxfire           ||    33
 Abil: Hop               ||     2
  Use: Scroll            ||     1
Dodge: Dodged            ||     4
